 Dungeon Crawl Stone Soup version 0.32-a0-520-g344ed53f66 (webtiles) character file.

Game seed: 9920919587459347327

155045 retardedninja the Severer (level 17, -24/163 HPs)
             Began as a Mountain Dwarf Fighter on Feb 26, 2024.
             Was the Champion of Cheibriados.
             Annihilated by Polyphemus (80 damage)
             ... on level 2 of the Shoals on Feb 27, 2024.
             The game lasted 01:14:30 (32167 turns).

retardedninja the Severer (Mountain Dwarf Fighter) Turns: 32167, Time: 01:14:30

Health: -24/163    AC: 36    Str: 43    XL:     17   Next: 7%
Magic:  6/28       EV:  2    Int: 34    God:    Cheibriados [******]
Gold:   2206       SH:  0    Dex: 24    Spells: 18/31 levels left

rFire   . . .        q - +8 war axe (flame)
rCold   + . .        B - +2 kite shield
rNeg    . . .        c - +9 plate armour {ponderous}
rPois   .            C - +2 helmet {Int+3}
rElec   .            L - +1 cloak {rCorr}
rCorr   +            U - +1 pair of gloves
SInv    .            E - +1 pair of boots
Will    +....        d - amulet of regeneration Stlth
                     a - ring "Tuedgh" {rC+ Str+6 Int+2 Stlth+}
HPRegen 1.27/turn    I - ring of wizardry
MPRegen 0.21/turn

%: wizardry (x1)
@: lethally poisoned (-24 -> -34), sleeping, very slow
A: runic magic, artefact enchanting
a: Renounce Religion, Bend Time, Temporal Distortion, Slouch, Step From Time


You were on level 2 of the Shoals.
You worshipped Cheibriados.
Cheibriados was exalted by your worship.
You visited 6 branches of the dungeon, and saw 29 of its levels.
You visited the Abyss 1 time.
You visited 1 bazaar.
You also visited: Sewer.

You collected 3576 gold pieces.
You spent 1370 gold pieces at shops.

Inventory:

Hand Weapons
 q - a +8 war axe of flaming (weapon)
 G - the +3 greatsling "Punk" {acid, rCorr}
   (You found it on level 5 of the Lair of Beasts)

   rCorr:     It protects you from acid and corrosion.
 S - a +0 heavy broad axe
Missiles
 t - 7 throwing nets
 y - 4 darts of dispersal
 F - 4 silver javelins (quivered)
Armour
 c - a +9 plate armour of ponderousness (worn)
 B - a +2 kite shield (worn)
 C - a +2 helmet of intelligence (worn)
 E - a +1 pair of boots (worn)
 L - a +1 cloak of preservation (worn)
 U - a +1 pair of gloves (worn)
Jewellery
 a - the ring "Tuedgh" (left hand) {rC+ Str+6 Int+2 Stlth+}
   (You acquired it on level 3 of the Lair of Beasts)

   [ring of strength]

   Str+6:     It affects your strength (+6).
   Int+2:     It affects your intelligence (+2).
   rC+:       It protects you from cold.
   Stlth+:    It makes you more stealthy.
 d - an amulet of regeneration (around neck)
 l - a +4 ring of protection
 m - a ring of poison resistance
 I - a ring of wizardry (right hand)
 K - a ring of fire
 O - a ring of magical power
Wands
 b - a wand of iceblast (20)
 i - a wand of paralysis (10)
 x - a wand of mindburst (21)
 z - a wand of polymorph (11)
 A - a wand of flame (45)
 D - a wand of digging (16)
 Q - a wand of quicksilver (3)
Scrolls
 e - a scroll of noise
 f - 5 scrolls of vulnerability
 g - 17 scrolls of identify
 k - 3 scrolls of poison
 p - 4 scrolls of amnesia
 r - a scroll of teleportation
 s - 8 scrolls of immolation
 v - 3 scrolls of silence
 J - a scroll of blinking
 N - a scroll of revelation
Potions
 h - 3 potions of enlightenment
 j - 7 potions of mutation
 n - 5 potions of attraction
 o - 4 potions of magic
 u - 7 potions of brilliance
 P - a potion of cancellation
 R - 2 potions of resistance
Miscellaneous
 w - a condenser vane (inert)
 M - a phantom mirror (inert)


   Skills:
 + Level 18.0 Fighting
 + Level 19.2 Axes
 + Level 13.7 Armour
 - Level 11.7 Shields
 * Level 7.7 Spellcasting
 * Level 8.5 Conjurations
 * Level 10.0 Fire Magic


You had 18 spell levels left.
You knew the following spells:

 Your Spells              Type           Power      Damage    Failure   Level
a - Flame Wave            Conj/Fire      66%        2d15      1%          4
b - Stone Arrow           Conj/Erth      84%        3d12      1%          3
c - Starburst             Conj/Fire      33%        6d10      9%          6

Your spell library contained the following spells:

 Spells                   Type           Power      Damage    Failure   Level
 Dazzling Flash           Conj/Hex       84%        N/A       1%          3
 Inner Flame              Hex/Fire       47%        N/A       1%          3
 Volatile Blastmotes      Fire/Tloc      94%        2d17      1%          3
 Sandblast                Erth           26%        2d8       2%          1
 Summon Small Mammal      Summ           52%        N/A       2%          1
 Mephitic Cloud           Conj/Alch/Air  32%        N/A       2%          3
 Ignite Poison            Fire/Alch      47%        N/A       3%          4
 Sticky Flame             Fire/Alch      47%        2d9       3%          4
 Summon Blazeheart Golem  Fire/Summ      47%        N/A       3%          4
 Call Imp                 Summ           26%        N/A       4%          2
 Cigotuvi's Dreadful Rot  Necr/Alch/Air  26%        N/A       4%          2
 Lesser Beckoning         Tloc           26%        N/A       4%          2
 Mercury Vapours          Alch/Air       26%        N/A       4%          2
 Sublimation of Blood     Necr           13%        N/A       4%          2
 Brom's Barrelling Bould  Conj/Erth      42%        2d6       4%          4
 Call Canine Familiar     Summ           13%        N/A       8%          3
 Gell's Gravitas          Tloc           13%        N/A       8%          3
 Passwall                 Erth           13%        N/A       8%          3
 Summon Ice Beast         Ice/Summ       13%        N/A       8%          3
 Teleport Other           Tloc           13%        N/A       8%          3
 Freezing Cloud           Conj/Ice/Air   16%        6-21      21%         5
 Anguish                  Hex/Necr       6%         N/A       24%         4
 Cause Fear               Hex            6%         N/A       24%         4
 Summon Mana Viper        Hex/Summ       13%        N/A       52%         5
 Enfeeble                 Hex            6%         N/A       100%        7
 Monstrous Menagerie      Summ           6%         N/A       100%        7
 Summon Hydra             Summ           6%         N/A       100%        7
 Maxwell's Capacitive Co  Air            6%         ∞         100%        8


Dungeon Overview and Level Annotations

Branches:
Dungeon (15/15)            Temple (1/1) D:5            Lair (5/5) D:10
 Shoals (2/4) Lair:2        Snake (4/4) Lair:3        Slime (0/5) Lair:4
    Orc (2/2) D:10            Elf (0/3) Orc:2        Vaults (0/5) D:14
 Depths (0/4) D:15          Sewer (visited)

Altars:
Ashenzari
Cheibriados
Dithmenos
Elyvilon
Fedhas
Gozag
Hepliaklqana
Kikubaaqudgha
Makhleb
Nemelex Xobeh
Okawaru
Qazlal
Ru
Sif Muna
Trog
Uskayaw
Vehumet
Wu Jian
Xom
Yredelemnul
Zin
The Shining One
Beogh
Jiyva

Shops:
D:5 (   D:8 ?   D:12 ***?   Orc:2 ([*[   Shoals:2 :

Annotations:
D:2 1 runed translucent door, Crazy Yiuf
D:9 3 runed translucent doors, 2 transporters, Lightli's ghost, novice CoCK
Lair:4 2 transporters
Shoals:2 Aizul; Polyphemus
Snake:1 3 runed translucent doors, Jeulolik's ghost, adept MiCK


Innate Abilities, Weirdness & Mutations

Your spellcasting is much less encumbered by armour.
You can use scrolls of enchantment on lesser artefacts.


Message History

The bolt of fire hits Polyphemus!!
Polyphemus is severely wounded.
The bolt of fire hits the death yak!!
You kill the death yak!
Cheibriados appreciates the change of pace.
The bolt of fire hits Aizul!!
Aizul is heavily wounded.
Aizul is engulfed in a cloud of scalding steam.
Aizul coils herself and waves her upper body at you.
You struggle to resist.
Polyphemus hits you but does no damage. x2
You are engulfed in a cloud of scalding steam.
Aizul is engulfed in a cloud of scalding steam.
You block Aizul's attack.
Aizul is engulfed in a cloud of scalding steam.
Aizul casts a spell at you. The poison arrow hits you!
You are poisoned.
Polyphemus hits you but does no damage. Polyphemus hits you.
You are engulfed in a cloud of scalding steam.
You feel very sick. You block Aizul's attack.
Polyphemus hits you but does no damage. You block Polyphemus's attack.
Casting: Starburst (dangerous; 9% risk of failure)
Confirm with . or Enter, or press ? or * to list all spells.
Casting: Starburst (dangerous; 9% risk of failure)
Press: ? - help, Dir - look around, f - activate The bolt of fire misses the merfolk impaler.
The bolt of fire hits Aizul!!!
Aizul is almost dead.
The bolt of fire hits Polyphemus!!!
Polyphemus is almost dead.
You feel very sick.
Aizul is engulfed in a cloud of scalding steam.
You block Aizul's attack.
Aizul coils herself and waves her upper body at you.
You fall asleep.
Polyphemus hits you!!!!
You die...
Polyphemus says, "You're nobody."
Cheibriados appreciates the motionlessness of death.

PP..~~~....>............~~
~~......................~~
~~~.~..................~~≈
P~~~..................~~~≈
≈~~~P..§..............~~~~
≈≈~~~§§...#.......~~..~~~
≈≈≈~~§§...#####...)...~~~
≈≈≈≈§§~S...# #.........~~
P~≈§≈~§§@..###..........†
~P≈≈≈~~§†C..##...........
~~≈~§~§§m................
P≈≈~~§~~.............####
P~~~~§~~.............## #
.~~~~~~~~.............###
.P~~~~...................
...~~.....∩.......#......
..Y..............#.......


You could see Polyphemus, Aizul and a merfolk impaler.

Vanquished Creatures
  Saint Roka (Orc:2)
  Nikola (Shoals:1)
  Donald (Orc:2)
  2 fire giants (D:12)
  A fenstrider witch (Shoals:2)
  3 nagarajas
  An emperor scorpion (D:15)
  A dire elephant (D:15)
  Snorg (D:14)
  2 merfolk impalers (Shoals:2)
  A hydra (Lair:3)
  A rakshasa (D:12)
  Erolcha (D:13)
  A vault guard (D:14)
  2 catoblepae
  6 centaur warriors
  18 two-headed ogres
  6 anacondas
  4 ogre magi
  2 merfolk avatars
  A tengu warrior (D:14)
  2 boulder beetles
  An orc high priest (Orc:2)
  10 death yaks
  A deep troll earth mage (D:12)
  An occultist (D:15)
  A shock serpent (Snake:1)
  Urug (Lair:2)
  6 naga warriors
  Amaemon (Lair:2)
  7 skysharks
  A fire crab (Lair:3)
  5 sea snakes
  A salamander mystic (Snake:4)
  Lodul (D:11)
  3 naga ritualists
  Pikel (D:8)
  An arcanist (D:14)
  13 mana vipers
  4 harpies
  4 orc knights
  A lindwurm (Lair:4)
  A phantasmal warrior (D:12)
  8 cyclopes
  3 orc sorcerers
  5 ugly things
  5 deep elf pyromancers
  2 wolf spiders
  11 manticores
  7 salamanders
  3 fauns (Shoals:1)
  23 black mambas
  4 guardian serpents
  A merfolk siren (Shoals:1)
  11 elephants
  7 kobold blastminers (Orc:2)
  An orange demon (Lair:2)
  9 naga magi
  2 water nymphs (Shoals:1)
  17 cane toads
  A gargoyle (D:12)
  18 komodo dragons
  A yaktaur (D:12)
  An unseen horror (D:11)
  A freezing wraith (D:12)
  5 rime drakes
  A kobold demonologist (D:12)
  Psyche (D:12)
  4 polar bears
  7 merfolk
  3 trolls
  2 wind drakes (Shoals:1)
  A polar bear (shapeshifter) (D:15)
  3 hornets
  3 snapping turtles
  11 blink frogs
  8 slime creatures
  A shapeshifter (D:11)
  A centaur simulacrum (D:12)
  5 water elementals
  27 yaks
  4 wyverns
  A vampire (D:13)
  5 wraiths
  7 basilisks
  A warg (Orc:1)
  4 steam dragons
  4 redbacks (D:13)
  12 nagas
  3 acid dragons
  An acid dragon (shapeshifter) (D:14)
  21 water moccasins
  A black bear (Lair:2)
  2 sky beasts
  37 orc warriors
  An ice beast (D:6)
  28 ogres
  A laughing skull (D:12)
  3 centaurs
  A boggart (D:14)
  17 wolves
  A phantom (D:6)
  3 lemures (D:8)
  6 kobold brigands
  10 bullfrogs
  4 scorpions
  24 killer bees
  2 howler monkeys
  6 electric eels
  A gnoll bouda (D:6)
  3 jellies
  A bombardier beetle (D:5)
  27 orc priests
  2 hounds (D:5)
  3 iguanas
  A sleepcap (D:8)
  21 orc wizards
  4 gnolls (D:6)
  11 adders
  2 river rats (D:5)
  3 white imps
  4 dart slugs
  4 ribbon worms
  101 orcs
  13 ball pythons
  5 bats
  3 endoplasms
  4 giant cockroaches
  7 goblins
  7 hobgoblins
  5 jackals
  A quokka (D:3)
  6 frilled lizards
  33 kobolds
  10 rats
840 creatures vanquished.

Vanquished Creatures (collateral kills)
  A guardian serpent (Snake:4)
  A black mamba (Snake:1)
2 creatures vanquished.

Vanquished Creatures (others)
  A merfolk aquamancer (Shoals:1)
  2 two-headed ogres (D:11)
  An unseen horror (D:11)
  An unseen horror (shapeshifter) (D:11)
  A troll (D:11)
  A merfolk (Shoals:1)
  An orc warrior (D:11)
  2 centaurs (D:11)
  An orc wizard (D:11)
11 creatures vanquished.

Grand Total: 853 creatures vanquished

Notes
Turn   | Place    | Note
-------+----------+-------------------------------------------
     0 | D:1      | retardedninja the Mountain Dwarf Fighter began the quest
                  | for the Orb.
     0 | D:1      | Reached XP level 1. HP: 19/19 MP: 1/1
   224 | D:1      | Reached XP level 2. HP: 17/26 MP: 2/2
   748 | D:2      | Reached skill level 3 in Axes
   780 | D:2      | Reached XP level 3. HP: 32/33 MP: 3/3
  1507 | D:2      | Found a runed translucent door.
  1508 | D:2      | Noticed Crazy Yiuf
  2012 | D:3      | Reached XP level 4. HP: 40/40 MP: 4/4
  2020 | D:3      | Found a hazy altar of Hepliaklqana.
  2020 | D:3      | Found a bloodstained altar of Trog.
  2020 | D:3      | Found a radiant altar of Vehumet.
  2020 | D:3      | Found a basalt altar of Yredelemnul.
  2031 | D:3      | Found a burning altar of Makhleb.
  2031 | D:3      | Found an iron altar of Okawaru.
  2373 | D:3      | Found a faded altar of an unknown god.
  2635 | D:4      | Reached skill level 4 in Axes
  2814 | D:4      | Reached XP level 5. HP: 47/47 MP: 5/5
  3303 | D:4      | Found an opulent altar of Gozag.
  3303 | D:4      | Found a blossoming altar of Fedhas.
  3304 | D:4      | Found a sacrificial altar of Ru.
  3418 | D:5      | Entered Level 5 of the Dungeon
  3418 | D:5      | Found Jucwazef's Weapon Boutique.
  3424 | D:5      | Reached XP level 6. HP: 53/53 MP: 6/6
  3433 | D:5      | Noticed a water moccasin
  3448 | D:5      | Killed a water moccasin
  3449 | D:5      | Reached skill level 5 in Fighting
  3449 | D:5      | Reached skill level 5 in Axes
  3498 | D:5      | Found a glowing drain.
  3540 | Sewer    | Entered a sewer
  3896 | D:5      | Reached XP level 7. HP: 61/61 MP: 7/7
  4004 | D:5      | Found a staircase to the Ecumenical Temple.
  4018 | Temple   | Entered the Ecumenical Temple
  4025 | Temple   | Became a worshipper of Cheibriados the Contemplative
  4070 | D:5      | Reached skill level 6 in Axes
  4070 | D:5      | Reached skill level 5 in Shields
  4115 | D:5      | Reached skill level 5 in Armour
  4370 | D:6      | Noticed a steam dragon
  4737 | D:6      | Killed a steam dragon
  4738 | D:6      | Reached XP level 8. HP: 61/71 MP: 8/8
  4832 | D:6      | Reached skill level 7 in Axes
  4864 | D:6      | Reached * piety under Cheibriados
  5626 | D:7      | Reached skill level 8 in Axes
  5736 | D:7      | Reached XP level 9. HP: 48/81 MP: 9/9
  6016 | D:7      | Reached ** piety under Cheibriados
  6218 | D:7      | Reached skill level 9 in Axes
  6583 | D:8      | Found Sapsoexa's Magic Scroll Shop.
  6671 | D:8      | Noticed Pikel
  6688 | D:8      | Killed Pikel
  6756 | D:8      | Reached skill level 10 in Axes
  6803 | D:8      | Reached *** piety under Cheibriados
  7552 | D:9      | Noticed a two-headed ogre
  7557 | D:9      | Reached XP level 10. HP: 78/92 MP: 10/10
  7560 | D:9      | Killed a two-headed ogre
  7561 | D:9      | Reached skill level 10 in Fighting
  7717 | D:9      | Paralysed by a hornet for 2 turns
  7768 | D:9      | Found a runed translucent gate.
  7768 | D:9      | Found a runed translucent gate.
  7770 | D:9      | Found a runed translucent gate.
  7770 | D:9      | Noticed a centaur warrior
  7770 | D:9      | Noticed Lightli's ghost (novice CoCK)
  7939 | D:9      | Found a transporter.
  7940 | D:9      | Noticed a centaur warrior
  7940 | D:9      | Noticed a deep elf pyromancer
  7941 | D:9      | Found a transporter.
  7943 | D:9      | Found a shadowy altar of Dithmenos.
  8032 | D:9      | Reached **** piety under Cheibriados
  8032 | D:9      | Paralysed by a hornet for 2 turns
  8040 | D:9      | Reached skill level 11 in Axes
  8550 | D:9      | Found a roughly hewn altar of Beogh.
  8560 | D:9      | Reached ***** piety under Cheibriados
  9117 | D:10     | Entered Level 10 of the Dungeon
  9158 | D:10     | Found a staircase to the Lair.
  9317 | D:10     | Found a staircase to the Orcish Mines.
  9504 | D:10     | Found a roughly hewn altar of Beogh.
  9807 | D:10     | Reached skill level 12 in Axes
 10050 | D:11     | Noticed a two-headed ogre
 10063 | D:10     | Killed a two-headed ogre
 10064 | D:10     | Reached XP level 11. HP: 81/102 MP: 11/11
 10118 | Lair:1   | Entered Level 1 of the Lair of Beasts
 11456 | Lair:1   | Reached skill level 13 in Axes
 11934 | Lair:2   | Noticed Urug
 12321 | Lair:2   | Noticed Amaemon
 12361 | Lair:2   | Killed Amaemon
 12370 | Lair:2   | Reached XP level 12. HP: 80/113 MP: 12/12
 12567 | Lair:2   | Found a staircase to the Shoals.
 12643 | Lair:2   | Reached ****** piety under Cheibriados
 12753 | Lair:2   | Killed Urug
 13047 | Lair:3   | Noticed a seven-headed hydra
 13059 | Lair:3   | Reached skill level 14 in Axes
 13571 | Lair:3   | Identified a scroll of acquirement
 13571 | Lair:3   | Acquired the ring "Tuedgh" {rC+ Str+6 Int+2 Stlth+}
 13612 | Lair:3   | Found a staircase to the Snake Pit.
 13820 | Lair:3   | Reached skill level 10 in Armour
 13821 | Lair:3   | Reached skill level 10 in Shields
 14023 | Lair:3   | Killed a 13-headed hydra
 14313 | Lair:3   | Reached skill level 15 in Axes
 14343 | Lair:3   | Identified the +3 scale mail of Moral Flaws {Rampage rElec
                  | Int+3 Dex-4}
 14365 | Lair:3   | Noticed a death yak
 14365 | Lair:3   | Noticed a death yak
 14368 | Lair:3   | Killed a death yak
 14381 | Lair:3   | Killed a death yak
 14813 | Lair:4   | Found a staircase to the Slime Pits.
 14814 | Lair:4   | Found a viscous altar of Jiyva.
 14942 | Lair:4   | Reached XP level 13. HP: 123/125 MP: 13/13
 15497 | Lair:4   | Reached skill level 16 in Axes
 15501 | Lair:4   | Reached skill level 15 in Fighting
 15656 | Lair:4   | Found a transporter.
 15656 | Lair:4   | Found the +10 dark maul {heavy}
 15905 | Lair:4   | Found a transporter.
 15966 | Lair:5   | Entered Level 5 of the Lair of Beasts
 15966 | Lair:5   | Found a frozen archway.
 16179 | Lair:5   | Found the +3 greatsling "Punk" {acid, rCorr}
 16385 | Lair:5   | Reached skill level 17 in Axes
 16509 | Lair:5   | Reached XP level 14. HP: 131/136 MP: 14/14
 17075 | Orc:1    | Entered Level 1 of the Orcish Mines
 17491 | Orc:2    | Entered Level 2 of the Orcish Mines
 17491 | Orc:2    | Found a staircase to the Elven Halls.
 17772 | Orc:2    | Found a roughly hewn altar of Beogh.
 17806 | Orc:2    | Found a roughly hewn altar of Beogh.
 17850 | Orc:2    | Noticed Donald
 17853 | Orc:2    | Reached skill level 1 in Conjurations
 17859 | Orc:2    | Killed Donald
 17860 | Orc:2    | Reached skill level 1 in Spellcasting
 17891 | Orc:2    | Found a roughly hewn altar of Beogh.
 17906 | Orc:2    | Found Xyssem's Armour Boutique.
 18023 | Orc:2    | Found a roughly hewn altar of Beogh.
 18028 | Orc:2    | Found Xolukoy's Assorted Antiques.
 18232 | Orc:2    | Noticed Saint Roka
 19027 | Orc:2    | Killed Saint Roka
 19096 | Orc:2    | Found a roughly hewn altar of Beogh.
 19182 | Orc:2    | Found Weutopu's Antique Weapon Emporium.
 19183 | Orc:2    | Found a roughly hewn altar of Beogh.
 19184 | Orc:2    | Found Mucah's Antique Armour Shoppe.
 19604 | D:11     | Noticed Lodul
 19622 | D:11     | Killed Lodul
 19717 | D:11     | Reached skill level 18 in Axes
 19865 | D:11     | Found a shimmering altar of Xom.
 20222 | D:12     | Found Gynixint's Assorted Antiques.
 20239 | D:12     | Found Muun's Magic Scroll Shop.
 20243 | D:12     | Found Amionos's General Store.
 20265 | D:12     | Found a flickering gateway to a bazaar.
 20274 | Bazaar   | Entered a bazaar
 20274 | Bazaar   | Found Serue's Antique Armour Emporium.
 20274 | Bazaar   | Found Vigaroid's Book Shoppe.
 20274 | Bazaar   | Found Gusu Ewo's Antique Armour Emporium.
 20276 | Bazaar   | Found Joap's Weapon Shoppe.
 20284 | Bazaar   | Bought a book of Geomancy for 360 gold pieces
 20302 | Bazaar   | Bought a glowing cloak for 210 gold pieces
 20313 | Bazaar   | Bought an embroidered cloak for 150 gold pieces
 20383 | D:12     | Noticed Psyche
 20394 | D:12     | Killed Psyche
 20401 | D:12     | Bought a book of Flames for 448 gold pieces
 20416 | D:12     | Identified the +5 ring mail "Sestim" {+Inv Regen+}
 20634 | D:12     | Noticed a fire giant
 20638 | D:12     | Reached skill level 1 in Fire Magic
 20661 | D:12     | Killed a fire giant
 20686 | D:12     | Reached XP level 15. HP: 129/146 MP: 20/20
 20827 | D:12     | Noticed a fire giant
 20836 | D:12     | Killed a fire giant
 20978 | D:12     | Identified the +5 trident "Yhuiffon" {heavy, Int+2}
 21121 | D:12     | Found Diat's Assorted Antiques.
 21135 | D:12     | Bought a scroll of enchant armour for 202 gold pieces
 21322 | D:13     | Found an iron altar of Okawaru.
 21335 | D:13     | Noticed Erolcha
 21336 | Abyss:2  | Cast into level 2 of the Abyss (Erolcha)
 21341 | D:13     | Escaped the Abyss
 21350 | D:13     | Killed Erolcha
 21763 | D:13     | Upgraded the game from 0.32-a0-485-g70f7560b1c to
                  | 0.32-a0-520-g344ed53f66
 21878 | D:14     | Noticed Snorg
 21891 | D:14     | Killed Snorg
 22027 | D:14     | Reached skill level 5 in Conjurations
 22207 | D:14     | Reached skill level 5 in Fire Magic
 22231 | D:14     | Found a gate to the Vaults.
 22761 | D:14     | Learned a level 4 spell: Flame Wave
 22810 | D:15     | Entered Level 15 of the Dungeon
 22873 | D:15     | Reached skill level 5 in Spellcasting
 22958 | D:15     | Identified the +1 whip of the Valley of Death {flame,
                  | Int+3}
 23241 | D:15     | Found a staircase to the Depths.
 23413 | D:15     | Noticed an emperor scorpion
 23421 | D:15     | Killed an emperor scorpion
 24004 | Snake:1  | Entered Level 1 of the Snake Pit
 24445 | Snake:1  | Found a runed translucent gate.
 24445 | Snake:1  | Found a runed translucent gate.
 24445 | Snake:1  | Found a runed translucent gate.
 24451 | Snake:1  | Noticed Jeulolik's ghost (adept MiCK)
 24497 | Snake:1  | Reached XP level 16. HP: 155/155 MP: 15/24
 26874 | Snake:2  | Learned a level 3 spell: Stone Arrow
 29109 | Snake:4  | Entered Level 4 of the Snake Pit
 30094 | Snake:4  | Reached skill level 19 in Axes
 30099 | Snake:4  | HP: 6/157 [poisoned by a nagaraja (splash of poison)]
 30104 | Snake:4  | HP: 6/157 [poisoned by a nagaraja (splash of poison)]
 30556 | Shoals:1 | Entered Level 1 of the Shoals
 31114 | Shoals:1 | Noticed Nikola
 31142 | Shoals:1 | Killed Nikola
 31417 | Shoals:1 | Learned a level 6 spell: Starburst
 31762 | Shoals:2 | Reached XP level 17. HP: 139/163 MP: 17/28
 32149 | Shoals:2 | Found Muogir's Book Boutique.
 32150 | Shoals:2 | Noticed Polyphemus
 32151 | Shoals:2 | Identified the serpent talisman of the Endless Loafs {Str+8
                  | Dex-3 Slay-5 Stlth+}
 32151 | Shoals:2 | Noticed Aizul
 32163 | Shoals:2 | Reached skill level 10 in Fire Magic
 32167 | Shoals:2 | Annihilated by Polyphemus

Illustrated notes

Levels and vault maps discovered:
D:1:      minmay_arrival_plants_in_alcoves, layout_basic
D:2:      layout_basic, uniq_crazy_yiuf_cottage
D:3:      layout_loops_ring, minmay_overflow_temple_hex,
          hellmonk_ecumenical_altar_leap_of_faith, minivault_25
D:4:      layout_basic, gammafunk_temple_overflow_claw
D:5:      layout_basic, minmay_temple_entry_tees, serial_shops,
          nicolae_stop_n_shop_2, portal_sewer_entry_e
D:6:      layout_loops_ring, serial_aquarium, aquarium_bridge_long_joined
          [aquarium_subvault_wall, aquarium_subvault_window,
          aquarium_subvault_wall, aquarium_subvault_bridge,
          aquarium_subvault_window, aquarium_subvault_window],
          aquarium_bridge_square [aquarium_subvault_bridge,
          aquarium_subvault_bridge, aquarium_subvault_wall,
          aquarium_subvault_bridge], aquarium_window_fake, aquarium_window_fake,
          aquarium_window_corner, aquarium_window_2, aquarium_view_2d,
          aquarium_pool_corner, kennysheep_nondescript,
          minmay_unpleasant_kobolds
D:7:      layout_rooms
D:8:      layout_rooms, serial_shops, shop_statue, roderic_lattice_a, uniq_pikel
D:9:      layout_roguey [special_room_orc], gammafunk_temple_overflow_arena,
          gammafunk_ghost_split, eino_jars
D:10:     layout_stronghold, lair_entry_dummy, orc_0_dummy,
          david_defended_altar_orc
D:11:     layout_cross, serial_co_window_serial, co_window_of_opportunity_a,
          co_window_corner_a, co_window_corner_a, co_window_corner_a,
          co_window_corner_a, co_window_corner_a, co_window_broadway_c,
          co_window_corner_ca, co_window_paths_c, co_window_4corner_b,
          glass_columns_a, glass_columns_b, glass_columns_a, glass_columns_b,
          xom_confusion_cloud, uniq_lodul
D:12:     layout_loops_ring, serial_shops, bzr_firewalk, shop,
          nicolae_shop_stone, shop, shop, nicolae_rejected_hall, uniq_psyche
D:13:     layout_cave_pools, okawaru_metal_pillars_1_2, uniq_erolcha
D:14:     layout_stronghold, david_vaults_5, minivault_14, uniq_snorg
D:15:     hangedman_depths_entry_try_elsewhere_first, layout_loops_ring
Temple:   nicolae_temple_x_marks_the_god
Lair:1:   layout_layer_cave
Lair:2:   layout_chaotic_city, minmay_shoals_entry_hut, wad_woods_river_01,
          uniq_amaemon, uniq_urug
Lair:3:   layout_cave_pods, minmay_snake_entry_six_corridors,
          chequers_serial_rivers_micro_d, minmay_shattered_shrine
Lair:4:   gammafunk_cloud_chamber, layout_hall_layers, slime_entry_1,
          grunt_megastairs_1
Lair:5:   gammafunk_lair_ancient_temple, layout_gridlike,
          portal_ice_cave_entry_pillars_1, infiniplex_staircase_pool
Shoals:1: layout_shoals, uniq_nikola
Shoals:2: layout_shoals, serial_shops, shop,
          nicolae_shoals_beach_house_on_fowls_legs, uniq_polyphemus, uniq_aizul
Snake:1:  layout_layer_cave, gammafunk_ghost_split
Snake:2:  layout_cave_town
Snake:3:  layout_cave_shapes, grunt_megastairs_3, serial_bayou_shore_a
Snake:4:  grunt_snake_rune_serpentine_throne, layout_cave_town,
          nicolae_snake_guarding_the_ruins
Orc:1:    layout_caves
Orc:2:    grunt_orc_community_town_hall, layout_caves,
          grunt_orc_community_big_house_1, grunt_orc_community_big_house_2,
          grunt_orc_community_house_1, grunt_orc_community_house_2,
          grunt_orc_community_house_2, grunt_orc_community_house_2, uniq_donald

Skill      XL: |  1  2  3  4  5  6  7  8  9 10 11 12 13 14 15 16 17 |
---------------+----------------------------------------------------+-----
Axes           | 3 4 5 6 8 10 12 13 15 17 18 19 | 19.2
Fighting       | 4 5 6 8 9 11 12 14 15 16 17 18 | 18.0
Shields        | 4 5 6 7 8 9 10 11 | 11.7
Armour         | 4 5 6 7 8 9 10 11 12 13 | 13.7
Conjurations   | 3 6 8 |  8.5
Spellcasting   | 3 5 7 |  7.7
Fire Magic     | 2 7 9 10 | 10.0

Action                     |  1- 3 |  4- 6 |  7- 9 | 10-12 | 13-15 | 16-18 || total
---------------------------+-------+-------+-------+-------+-------+-------++-------
  Melee: War axe           |   167 |   173 |   339 |   594 |   896 |   298 ||  2467
  Throw: Javelin           |       |       |       |     1 |       |       ||     1
   Cast: Flame Wave        |       |       |       |       |       |    20 ||    20
         Stone Arrow       |       |       |       |       |       |    15 ||    15
         Starburst         |       |       |       |       |       |     3 ||     3
 Invoke: Slouch            |       |       |       |     2 |       |       ||     2
  Evoke: Wand              |       |       |     2 |    12 |    18 |    13 ||    45
         Condenser vane    |       |       |       |     3 |     4 |     1 ||     8
         Phantom mirror    |       |       |       |       |       |     2 ||     2
    Use: Potion            |     1 |     5 |     5 |     8 |     3 |    17 ||    39
         Scroll            |       |       |    15 |    18 |    15 |     6 ||    54
   Stab: Confused          |       |       |       |       |     4 |       ||     4
         Petrified         |       |       |       |       |     3 |       ||     3
 Armour: Scale mail        |   115 |   164 |   182 |       |       |       ||   461
         Chain mail        |       |       |   162 |    16 |       |       ||   178
         Plate armour      |       |       |       |   601 |   699 |   529 ||  1829
         Skin              |       |       |       |    37 |       |       ||    37
  Dodge: Dodged            |    83 |    89 |   164 |   237 |   215 |    83 ||   871
         Repelled          |       |       |       |       |     2 |    12 ||    14
  Block: Buckler           |    27 |    50 |   124 |   224 |   137 |       ||   562
         Kite shield       |       |       |       |       |   411 |   433 ||   844

Table legend: (Time is in decaauts)
 A = Elapsed time spent in this place.
 B = Non-inter-level travel time spent in this place.
 C = Inter-level travel time spent in this place.
 D = Time resting spent in this place.
 E = Time spent auto-exploring this place.
 F = Levels seen in this place.
 G = Mean time per level.
                   A        B        C        D        E       F      G
               +--------+--------+--------+--------+--------+-----+--------+
         Total |  47135 |  44200 |   2935 |   7405 |  27473 |  32 | 1473.0 |
       Dungeon |  20730 |  19161 |   1569 |   1704 |  13962 |  15 | 1382.0 |
        Temple |     25 |     10 |     15 |      0 |      0 |   1 |   25.0 |
          Lair |  10913 |  10140 |    773 |   1930 |   6782 |   5 | 2182.6 |
        Shoals |   2418 |   2377 |     41 |    522 |   1394 |   2 | 1209.0 |
     Snake Pit |   9249 |   8909 |    340 |   2523 |   3266 |   4 | 2312.2 |
  Orcish Mines |   3405 |   3211 |    194 |    725 |   1869 |   2 | 1702.5 |
         Abyss |      8 |      8 |      0 |      0 |      0 |   1 |    8.0 |
        Bazaar |     82 |     82 |      0 |      0 |      0 |   1 |   82.0 |
         Sewer |    301 |    301 |      0 |      0 |    198 |   1 |  301.0 |
               +--------+--------+--------+--------+--------+-----+--------+

Top non-repeatable levels by time:
  Lair:3: 3121 daAuts
  Lair:1: 2496 daAuts
 Snake:1: 2486 daAuts
 Snake:3: 2371 daAuts
  Lair:2: 2353 daAuts
 Snake:2: 2353 daAuts
    D:10: 2219 daAuts
 Snake:4: 2038 daAuts
   Orc:2: 1937 daAuts
    D:14: 1897 daAuts
     D:9: 1882 daAuts
    D:12: 1876 daAuts
Shoals:1: 1793 daAuts
    D:15: 1753 daAuts
  Lair:5: 1596 daAuts
